 Dungeon Crawl Stone Soup version 0.30.1 (webtiles) character file.

Game seed: 8932517226854447357

499 bahustanut the Ruffian (level 6, -1/61 HPs)
             Began as a Troll Berserker on July 1, 2023.
             Was a Believer of Trog.
             Slain by a hornet (9 damage)
             ... while paralysed by a hornet
             ... on level 8 of the Dungeon.
             The game lasted 00:26:31 (1473 turns).

bahustanut the Ruffian (Troll Berserker)            Turns: 1473, Time: 00:26:31

Health: -1/61      AC:  4    Str: 28    XL:     6   Next: 94%
Magic:  0/5        EV:  1    Int:  3    God:    Trog [**....]
Gold:   189        SH:  0    Dex:  9    Spells: 5/5 levels left

rFire   . .          .
                       - Unarmed
rCold   . . .        (no shield)
rNeg    . . .        a - +0 animal skin
rPois   .            (helmet restricted)
rElec   .            (no cloak)
rCorr   .            (gloves unavailable)
SInv    .            (boots unavailable)
Will    .....        k - amulet of guardian spirit
Stlth   +            (no ring)
HPRegen 1.10/turn    (no ring)
MPRegen 0.09/turn

%: guardian spirit
@: paralysed, lethally poisoned (-1 -> -4), on berserk cooldown, slowed
A: large, unfitting armour, claws 3, regeneration 1, shaggy fur 1, tough skin 1
a: Renounce Religion, Berserk, Trog's Hand


You were on level 8 of the Dungeon.
You worshipped Trog.
Trog was pleased with you.
You visited 1 branch of the dungeon, and saw 6 of its levels.

You collected 189 gold pieces.

Inventory:

Hand Weapons
 d - a +0 sling
 j - a +0 halberd of freezing
Missiles
 m - 12 poisoned darts (quivered)
Armour
 a - a +0 animal skin (worn)
Jewellery
 k - an amulet of guardian spirit (around neck)
Scrolls
 c - a scroll of noise {unknown}
 e - 2 scrolls of fog {unknown}
 g - a scroll of fear {unknown}
 l - a scroll of teleportation {unknown}
 n - 2 scrolls of identify {unknown}
Potions
 b - 3 potions of curing {unknown}
 f - a potion of ambrosia {unknown}
 h - a potion of might {unknown}
 i - a potion of flight {unknown}
 o - a potion of heal wounds {unknown}
 p - 2 potions of attraction {unknown}
 q - a potion of resistance {unknown}


   Skills:
 * Level 3.5 Fighting
 * Level 1.4 Throwing
 * Level 3.9 Dodging
 * Level 5.9 Unarmed Combat


You had 5 spell levels left.
You didn't know any spells.
Your spell library contained the following spells:

 Spells                   Type           Power      Damage    Failure   Level
 Necrotise                Necr           0%         1d4       52%         1
 Vampiric Draining        Necr           0%         2d6       88%         3
 Agony                    Necr           0%         N/A       100%        5


Dungeon Overview and Level Annotations

Branches:
Dungeon (8/15)
 Temple: D:4-7         Lair: D:8-11

Altars:
Wu Jian

Shops:
D:2 *

Annotations:
D:4 1 transporter, cheesebisquit's ghost, amateur OpTm


Innate Abilities, Weirdness & Mutations

You are too large for most types of armour.
You have claws for hands.
Your natural rate of healing is unusually fast.
You are covered in fur. (AC +1)
You have tough skin. (AC +1)


Message History

The hornet buzzes angrily.
The wight hits you with a +0 great sword!
You feel drained.
The wight moves out of view.
You mangle the wight!!
You destroy the wight!
Trog accepts your kill. The hornet closely misses you.
Your life force feels restored.
You closely miss the hornet. Your claw misses the hornet.
The hornet stings you.
You feel as though you will be slow longer.
A wight comes into view. It is wielding a +4 morningstar.
The hornet stings you!
You are poisoned.
You feel as though you will be slow longer.
You barely miss the hornet.
You feel very sick. The hornet closely misses you.
The hornet barely misses you.
You miss the hornet.
You feel sick. The hornet stings you!
You feel as though you will be slow longer.
The hornet stings you!
You feel as though you will be slow longer.
You barely miss the hornet. Your claw misses the hornet.
You feel sick. The hornet closely misses you. The hornet barely misses you.
You scratch the hornet.
The hornet is lightly wounded.
You feel sick. The hornet closely misses you. The hornet barely misses you.
You scratch the hornet. Your claw misses the hornet.
The hornet is moderately wounded.
You feel sick. The hornet closely misses you. The hornet barely misses you.
You barely miss the hornet.
The hornet is moderately wounded.
You feel sick. The hornet stings you!
* * * LOW HITPOINT WARNING * * *
You are more poisoned.
You feel as though you will be slow longer.
The hornet stings you.
You suddenly lose the ability to move!
You feel very sick. The hornet stings you!
You die... ###... 8# ....P 8# ....#.. ..### ..... #..... .#. .... .8.8## .... zz#

...... #...
#y##....#
.#...##@...8.P#
.............##
##...##.......#
##... ##))...?#
.....####......##
...............##
#...###.........
#.....#......###
#............#


You could see a hornet and 2 wights.

Vanquished Creatures
  3 wights (D:8)
  2 centaur zombies (D:8)
  A hound (D:4)
  An orc priest (D:3)
  An iguana (D:4)
  An orc wizard (D:7)
  A howler monkey zombie (D:8)
  4 gnolls (D:2)
  7 adders
  3 dart slugs
  4 orcs
  A bat (D:3)
  3 endoplasms
  4 giant cockroaches
  5 hobgoblins
  7 jackals
  3 kobolds
  3 quokkas (D:4)
  4 ball pythons
  5 frilled lizards
63 creatures vanquished.

Notes
Turn   | Place    | Note
-------+----------+-------------------------------------------
     0 | D:1      | bahustanut the Troll Berserker began the quest for the Orb.
     0 | D:1      | Reached XP level 1. HP: 22/22 MP: 0/0
   332 | D:1      | Reached XP level 2. HP: 24/29 MP: 1/1
   491 | D:2      | Found Loulax's Assorted Antiques.
   589 | D:2      | Reached XP level 3. HP: 36/36 MP: 2/2
   668 | D:2      | Reached XP level 4. HP: 45/45 MP: 3/3
   703 | D:2      | Reached ** piety under Trog
   828 | D:3      | Reached skill level 4 in Unarmed Combat
   891 | D:4      | Reached XP level 5. HP: 43/53 MP: 2/4
  1067 | D:4      | Found an ornate altar of the Wu Jian Council.
  1256 | D:4      | Found a transporter.
  1257 | D:4      | Noticed cheesebisquit's ghost (amateur OpTm)
  1262 | D:4      | Reached skill level 5 in Unarmed Combat
  1312 | D:4      | You fall into a shaft and drop 3 floors!
  1330 | D:7      | Reached XP level 6. HP: 29/61 MP: 3/5
  1335 | D:7      | HP: 3/61 [orc/+0 flail (4)]
  1341 | D:7      | Reached skill level 1 in Throwing
  1464 | D:8      | Noticed a hornet
  1472 | D:8      | Paralysed by a hornet for 2 turns
  1473 | D:8      | Slain by a hornet

Illustrated notes

Levels and vault maps discovered:
D:1:      arrival_zaba_pyramid, layout_basic
D:2:      layout_rooms, serial_shops, nicolae_shop_stone, dk_vineyard_2,
          nicolae_concentric_dashed_squares_wild, minmay_fountain_box,
          st_stairs_5, kennysheep_crisscross, uniq_natasha
D:3:      layout_basic, lemuel_coloured_pillars_altar, basic_ecumenical_altar,
          saegor_snake_ambush, uniq_terence
D:4:      layout_gridville, mainiacjoe_overflow_small_starburst,
          gammafunk_ghost_mausoleum, amcnicky_mini_corridor_feature,
          kennysheep_another_room
D:7:      layout_loops_cross, nicolae_hepliaklqana_hazy_memory,
          minmay_temple_entry_crystal_x, minmay_microvault
D:8:      layout_rooms, grunt_temple_overflow_open, serial_undead,
          serial_undead_a, serial_undead_d, serial_undead_e, serial_undead_c,
          serial_undead_c

Skill      XL: |  1  2  3  4  5  6 |
---------------+-------------------+-----
Fighting       | 3 |  3.5
Dodging        | 3 |  3.9
Unarmed Combat | 4 5 |  5.9
Throwing       | 1 |  1.4

Action                     |  1- 3 |  4- 6 || total
---------------------------+-------+-------++-------
  Melee: Unarmed           |    64 |   115 ||   179
         Punch             |     2 |     5 ||     7
 Invoke: Berserk           |     2 |     2 ||     4
         Trog's Hand       |       |     1 ||     1
   Stab: Sleeping          |     1 |     1 ||     2
 Armour: Animal skin       |    18 |    30 ||    48
  Dodge: Dodged            |    27 |    55 ||    82
